 Dungeon Crawl Stone Soup version 0.26.0-10-g1f06aea511 (webtiles) character file.

Game seed: 1929634540642977953

151 MajorAdolf the Digger (level 5, -1/42 HPs)
             Began as a Naga Wanderer on Jan 15, 2021.
             Was an Initiate of Gozag.
             Slain by an ogre
             ... wielding a +0 giant spiked club
              (27 damage)
             ... on level 4 of the Dungeon.
             The game lasted 00:06:42 (5579 turns).

MajorAdolf the Digger (Naga Wanderer)               Turns: 5579, Time: 00:06:43

Health: -1/42      AC:  4    Str: 15    XL:     5   Next: 33%
Magic:  9/9        EV:  9    Int: 13    God:    Gozag
Gold:   248        SH:  0    Dex: 10    Spells: 6/10 levels left

rFire    . . .     SeeInvis +   r - +0 falchion (freeze)
rCold    . . .     Faith    .   (no shield)
rNeg     . . .     Spirit   .   d - +0 robe
rPois    +         Reflect  .   j - +1 helmet
rElec    .         Harm     .   (no cloak)
rCorr    .         Rampage  .   (no gloves)
Will     .....                  (no barding)
Stlth    ++........             (no amulet)
HPRegen  0.14/turn              (no ring)
MPRegen  0.11/turn              (no ring)

@: short of breath, very slow
A: large, see invisible, deformed body, poison resistance, slowness 2, spit
poison 1, AC +1
a: Spit Poison, Renounce Religion, Potion Petition, Call Merchant, Bribe Branch


You were on level 4 of the Dungeon.
You worshipped Gozag.
Gozag was aware of your devotion.
You visited 1 branch of the dungeon, and saw 4 of its levels.

You collected 261 gold pieces.
You paid 13 gold pieces to Gozag.

Inventory:

Hand Weapons
 a - a +0 club
 f - a +0 dagger
 r - a +0 falchion of freezing (weapon)
Missiles
 b - 121 stones
 e - 7 poisoned darts (quivered)
Armour
 c - a cursed +0 kite shield
 d - a +0 robe (worn)
 j - a +1 helmet (worn)
Scrolls
 g - 2 scrolls of identify {unknown}
 h - a scroll of enchant armour {unknown}
 i - 4 scrolls of teleportation {unknown}
 l - a scroll of remove curse {unknown}
 m - a scroll of random uselessness {unknown}
 p - 2 scrolls of immolation {unknown}
 q - a scroll of fear {unknown}
Potions
 k - a potion of curing
 n - a potion of brilliance {unknown}
 o - a potion of lignification {unknown}


   Skills:
 - Level 3.0 Stealth
 + Level 0.5 Shields
 - Level 3.3 Spellcasting
 * Level 2.3 Conjurations
 - Level 2.0 Hexes
 + Level 3.7 Earth Magic
 - Level 2.6 Poison Magic


You had 6 spell levels left.
You knew the following spells:

 Your Spells              Type           Power        Failure   Level
a - Sandblast             Erth           22%          4%          1
b - Stone Arrow           Conj/Erth      20%          19%         3

Your spell library contained the following spells:

 Spells                   Type           Power        Failure   Level
 Corona                   Hex            7%           10%         1
 Foxfire                  Conj/Fire      20%          14%         1
 Ensorcelled Hibernation  Hex/Ice        8%           22%         2
 Dazzling Flash           Conj/Hex       14%          26%         3
 Confusing Touch          Hex            7%           28%         3
 Tukima's Dance           Hex            7%           28%         3
 Conjure Flame            Conj/Fire      5%           38%         3


Dungeon Overview and Level Annotations

Branches:
Dungeon (4/15)
 Temple: D:4-7

Altars:
Cheibriados
Dithmenos
Gozag
Nemelex Xobeh
Yredelemnul

Annotations:
D:3 2 transporters, exclusion: downstairs, Raspi's ghost, amateur TeBr


Innate Abilities, Weirdness & Mutations

You cannot wear boots.
Your serpentine skin is tough. (AC +1)
You have supernaturally acute eyesight. (SInv)
Armour fits poorly on your strangely shaped body.
Your system is resistant to poisons. (rPois)
You cover ground very slowly.
You can spit poison.


Message History

You aren't carrying any items that you can evoke.
Okay, then.
Okay, then.
You aren't carrying any items that you can evoke.
Press: ? - help, Shift-Dir - straight line, f - ogre
Aim: an ogre, wielding a +0 giant spiked club The splash of poison hits the ogre.
The ogre is poisoned.
The ogre is lightly wounded.
The ogre barely misses you.
You riposte.
You hit the ogre. You freeze the ogre.
The ogre is heavily wounded.
Okay, then.
Throw: 8 darts (poison)
Press: ? - help, Q - select action, (/) - cycle Shift-Dir - straight line, f/p - ogre
Aim: an ogre, wielding a +0 giant spiked club (heavily wounded, poisoned)
You throw a poisoned dart. The poisoned dart hits the ogre.
The ogre is heavily wounded.
The ogre hits you with a +0 giant spiked club!!
Ouch! That really hurt!
You die...
Your body crumbles into a pile of gold.

#.#. #.#
###.###..##. #.
# #. #.# #.#
#..##. #. #. #.#
# # #..... .. #.
#.# #.###. #.
#.# #..... #.
#.# ###### #.
#.#
#.###.##[#####.#
#..>.O@........#
#....W##########
####.# ... .## #


You could see a phantom and an ogre (poisoned).

Vanquished Creatures
  A worker ant (D:4)
  4 adders
  2 worms (D:3)
  4 leopard geckos (D:2)
  10 orcs (D:3)
  4 giant cockroaches
  5 goblins
  7 hobgoblins
  12 kobolds
  A quokka (D:3)
  A ball python skeleton (D:4)
  10 bats
  4 frilled lizards
  7 rats
  A spectral orc (D:3)
73 creatures vanquished.

Notes
Turn   | Place    | Note
-------+----------+-------------------------------------------
     0 | D:1      | MajorAdolf the Naga Wanderer began the quest for the Orb.
     0 | D:1      | MajorAdolf set off with the following items: a +0 club, a
                  | +0 robe, a +0 dagger; and the following spells available to
                  | memorise: Corona, Sandblast, Foxfire, Ensorcelled
                  | Hibernation, Confusing Touch, Tukima's Dance, Dazzling
                  | Flash, Stone Arrow, Conjure Flame
     0 | D:1      | Reached XP level 1. HP: 15/15 MP: 4/4
    60 | D:1      | Learned a level 1 spell: Sandblast
   928 | D:1      | Reached XP level 2. HP: 22/22 MP: 6/6
  1779 | D:1      | Reached XP level 3. HP: 23/28 MP: 7/7
  2307 | D:2      | Learned a level 3 spell: Stone Arrow
  2621 | D:2      | Found a sparkling altar of Nemelex Xobeh.
  2633 | D:2      | Reached XP level 4. HP: 36/36 MP: 8/8
  2759 | D:2      | Reached skill level 1 in Conjurations
  2981 | D:2      | Found an opulent altar of Gozag.
  2981 | D:2      | Found a snail-covered altar of Cheibriados.
  3205 | D:2      | Became a worshipper of Gozag Ym Sagoz the Greedy
  3901 | D:3      | Noticed Raspi's ghost (amateur TeBr)
  4018 | D:3      | Found a transporter.
  4479 | D:3      | Found a transporter.
  4640 | D:3      | Found a basalt altar of Yredelemnul.
  4647 | D:3      | Reached XP level 5. HP: 42/42 MP: 9/9
  4924 | D:3      | Found a shadowy altar of Dithmenos.
  5111 | D:4      | Noticed an ogre
  5574 | D:4      | Noticed an ogre
  5576 | D:4      | Noticed a phantom
  5579 | D:4      | Slain by an ogre

Illustrated notes

Levels and vault maps discovered:
D:1:      dpeg_arrival_stone_temple_mockup, layout_basic,
          amcnicky_mini_pool_small
D:2:      layout_basic, nemelex_xobeh_ov_fountains_minmay,
          gammafunk_temple_overflow_elements
D:3:      layout_basic, grunt_dithmenos_smoke,
          yredelemnul_forgotten_temple_becter, gammafunk_ghost_mausoleum
D:4:      layout_loops_ring, kennysheep_cross_room, minmay_door_square,
          minmay_shop_enchanted_jewellery, minivault_14, uniq_crazy_yiuf_cottage

Skill      XL: |  1  2  3  4  5 |
---------------+----------------+-----
Earth Magic    | 2 3 |  3.7
Conjurations   | 1 2 |  2.3
Stealth        | |  3.0
Shields        | |  0.5
Spellcasting   | |  3.3
Hexes          | |  2.0
Poison Magic   | |  2.6

Action                   |  1- 3 |  4- 6 || total
-------------------------+-------+-------++-------
Melee: Dagger            |   200 |   104 ||   304
       Falchion          |       |    44 ||    44
Throw: Dart              |       |     1 ||     1
 Cast: Sandblast         |       |     1 ||     1
 Abil: Spit Poison       |    19 |    15 ||    34
 Stab: Sleeping          |       |     2 ||     2
Armor: Scale mail        |   139 |    36 ||   175
       Robe              |     1 |    21 ||    22
Dodge: Dodged            |   108 |    67 ||   175
       Rpst.: Falchion   |       |     5 ||     5
